 Dungeon Crawl Stone Soup version 0.27-a0-29-g2d0a2396b0 (webtiles) character file.

Game seed: 8573032335372856024

109 hehateme the Vexing (level 5, -1/30 HPs)
             Began as a Kobold Enchanter on Jan 4, 2021.
             Slain by a bullfrog skeleton (4 damage)
             ... on level 4 of the Dungeon.
             The game lasted 00:05:21 (3937 turns).

hehateme the Vexing (Kobold Enchanter)              Turns: 3937, Time: 00:05:21

Health: -1/30      AC:  5    Str:  6    XL:     5   Next: 13%
Magic:  8/8        EV: 15    Int: 17    God:
Gold:   175        SH:  0    Dex: 15    Spells: 5/8 levels left

rFire    . . .     SeeInvis .   a - +1 dagger
rCold    . . .     Faith    .   (shield restricted)
rNeg     . . .     Spirit   .   b - +0 robe
rPois    .         Reflect  .   (no helmet)
rElec    .         Harm     .   (no cloak)
rCorr    .         Rampage  .   (no gloves)
Will     .....                  r - +2 pair of boots {Fly}
Stlth    ++++......             (no amulet)
HPRegen  0.10/turn              (no ring)
MPRegen  0.11/turn              (no ring)

@: flying
A: small, nightstalker 3
a: Stop Flying


You were on level 4 of the Dungeon.
You visited 1 branch of the dungeon, and saw 4 of its levels.

You collected 175 gold pieces.

Inventory:

Hand Weapons
 a - a +1 dagger (weapon)
Missiles
 i - 131 stones (quivered)
 k - 57 sling bullets
 o - 56 bolts
 Q - 36 arrows
Armour
 b - a +0 robe (worn)
 r - a +2 pair of boots of flying (worn)
Jewellery
 c - a +6 ring of dexterity {unknown}
 g - a cursed -4 ring of dexterity {unknown}
 v - a cursed ring of willpower
 w - a cursed -4 ring of evasion {unknown}
Wands
 f - a wand of flame (15)
Scrolls
 d - 2 scrolls of amnesia {unknown}
 n - 2 scrolls of magic mapping {unknown}
 p - a scroll of teleportation {unknown}
 s - a scroll of identify {unknown}
 x - 2 scrolls of remove curse {unknown}
Potions
 e - 2 potions of haste {unknown}
 h - a potion of resistance {unknown}
 j - a potion of might {unknown}
 l - 3 potions of curing {unknown}
 m - a potion of lignification {unknown}
 q - a potion of mutation {unknown}
 t - a potion of magic {unknown}
 u - a potion of attraction {unknown}


   Skills:
 + Level 1.9 Fighting
 - Level 1.3 Short Blades
 - Level 2.4 Dodging
 - Level 4.0 Stealth
 - Level 2.1 Spellcasting
 * Level 4.1 Hexes
 * Level 2.5 Ice Magic


You had 5 spell levels left.
You knew the following spells:

 Your Spells              Type           Power        Failure   Level
a - Ensorcelled Hibernat  Hex/Ice        26%          8%          2
v - Corona                Hex            16%          3%          1

Your spell library contained the following spells:

 Spells                   Type           Power        Failure   Level
 Slow                     Hex            15%          5%          2
 Confusing Touch          Hex            15%          11%         3
 Tukima's Dance           Hex            15%          11%         3
 Magic Dart               Conj           4%           19%         1
 Dazzling Flash           Conj/Hex       16%          24%         3
 Blink                    Tloc           N/A          28%         2
 Call Imp                 Summ           1%           28%         2
 Conjure Flame            Conj/Fire      1%           50%         3
 Mephitic Cloud           Conj/Pois/Air  1%           50%         3


Dungeon Overview and Level Annotations

Branches:
Dungeon (4/15)
 Temple: D:4-7

Altars:
Elyvilon
Okawaru
Qazlal
Trog
Vehumet
Yredelemnul
Zin
The Shining One

Annotations:
D:2 exclusion: dart slug
D:3 exclusions: ogre and rat
D:4 3 runed translucent doors, Dowan, Duvessa, Menkaure


Innate Abilities, Weirdness & Mutations

You are small and have problems with some larger weapons.
You are completely attuned to the shadows.


Message History

You take 4 damage, and have 13/30 hp.
You barely miss the bullfrog skeleton. The bullfrog skeleton hits you.
* * * LOW HITPOINT WARNING * * *
The bullfrog skeleton misses you.
You take 1 damage, and have 12/30 hp.
You hit the bullfrog skeleton.
The bullfrog skeleton barely misses you.
You hit the bullfrog skeleton. The bullfrog skeleton hits you.
* * * LOW HITPOINT WARNING * * *
You take 4 damage, and have 8/30 hp.
You hit the bullfrog skeleton. The bullfrog skeleton hits you.
* * * LOW HITPOINT WARNING * * *
You take 4 damage, and have 4/30 hp.
You hit the bullfrog skeleton.
The bullfrog skeleton hits you but does no damage.
The bullfrog skeleton hits you.
* * * LOW HITPOINT WARNING * * *
You take 2 damage, and have 2/30 hp.
The bullfrog skeleton hits you.
You die...

§...#≈#.# .....##.#
≈§§....#.##
≈.........#
..$≈§§≈≈≈..........#
...................#
#..........##..#...#
#..........#...#...#
..)....Z@......#####
......#......†.#
.....#≈#.....<.#
...##..........# ###
#..........#
#..........#
#........<.#
#......>...#
############

Skill      XL: |  1  2  3  4 |
---------------+-------------+-----
Ice Magic      | 1 2 |  2.5
Fighting       | 1 |  1.9
Hexes          | 4 |  4.1
Short Blades   | |  1.3
Dodging        | |  2.4
Stealth        | |  4.0
Spellcasting   | |  2.1

Notes
Turn   | Place    | Note
-------+----------+-------------------------------------------
     0 | D:1      | hehateme the Kobold Enchanter began the quest for the Orb.
     0 | D:1      | Reached XP level 1. HP: 10/10 MP: 3/3
   536 | D:1      | Reached XP level 2. HP: 16/16 MP: 5/5
   699 | D:1      | Reached skill level 1 in Ice Magic
  1564 | D:2      | Reached XP level 3. HP: 20/20 MP: 6/6
  1603 | D:2      | Reached skill level 1 in Fighting
  1937 | D:2      | Reached skill level 2 in Ice Magic
  1937 | D:2      | Reached XP level 4. HP: 25/25 MP: 7/7
  2776 | D:3      | Learned a level 2 spell: Ensorcelled Hibernation
  3147 | D:3      | Noticed an ogre
  3150 | D:3      | Found a stormy altar of Qazlal.
  3151 | D:3      | Found a glowing golden altar of the Shining One.
  3151 | D:3      | Found a radiant altar of Vehumet.
  3153 | D:3      | Found a basalt altar of Yredelemnul.
  3153 | D:3      | Found an iron altar of Okawaru.
  3153 | D:3      | Found a white marble altar of Elyvilon.
  3154 | D:3      | Found a bloodstained altar of Trog.
  3154 | D:3      | Found a glowing silver altar of Zin.
  3769 | D:4      | Noticed Duvessa
  3769 | D:4      | Noticed Dowan
  3790 | D:4      | Found a runed translucent gate.
  3790 | D:4      | Found a runed translucent gate.
  3793 | D:4      | Found a runed translucent gate.
  3839 | D:4      | Noticed Menkaure
  3912 | D:4      | Reached skill level 4 in Hexes
  3912 | D:4      | Reached XP level 5. HP: 30/30 MP: 8/8
  3932 | D:4      | HP: 4/30 [bullfrog skeleton (4)]
  3937 | D:4      | Slain by a bullfrog skeleton

Table legend: (Time is in decaauts)
 A = Elapsed time spent in this place.
 B = Non-inter-level travel time spent in this place.
 C = Inter-level travel time spent in this place.
 D = Time resting spent in this place.
 E = Time spent auto-exploring this place.
 F = Levels seen in this place.
 G = Mean time per level.
                   A        B        C        D        E       F      G
               +--------+--------+--------+--------+--------+-----+--------+
         Total |   3937 |   3833 |    104 |    635 |   2762 |   4 |  984.2 |
       Dungeon |   3937 |   3833 |    104 |    635 |   2762 |   4 |  984.2 |
               +--------+--------+--------+--------+--------+-----+--------+

Top non-repeatable levels by time:
     D:2: 1500 daAuts
     D:1: 1206 daAuts
     D:3: 970 daAuts
     D:4: 260 daAuts

Table legend:
 A = Kills in this place as a percentage of kills in entire the game.
 B = Kills by you in this place as a percentage of kills by you in the entire game.
 C = Kills by friends in this place as a percentage of kills by friends in the entire game.
 D = Other kills in this place as a percentage of other kills in the entire game.
 E = Experience gained in this place as a percentage of experience gained in the entire game.
 F = Experience gained in this place divided by the number of levels of this place that you have seen.
                   A       B       C       D       E      F
               +-------+-------+-------+-------+-------+----------------------
         Total | 100.0 | 100.0 |   N/A |   N/A | 100.0 |  39.0
       Dungeon | 100.0 | 100.0 |   N/A |   N/A | 100.0 |  39.0
               +-------+-------+-------+-------+-------+----------------------

Action                   |  1- 3 |  4- 6 || total
-------------------------+-------+-------++-------
Melee: Dagger            |    74 |   102 ||   176
Throw: Stone             |    10 |     1 ||    11
 Stab: Sleeping          |    17 |     5 ||    22
Armor: Robe              |    10 |    13 ||    23
Dodge: Dodged            |    55 |    67 ||   122

Vanquished Creatures
  A worker ant (D:4)
  4 adders
  An adder skeleton (D:4)
  4 leopard geckos
  2 giant cockroaches (D:2)
  5 goblins
  7 hobgoblins
  3 jackals (D:3)
  3 kobolds
  2 quokkas (D:2)
  3 bats
  2 frilled lizards
  4 rats
41 creatures vanquished. You could see a bullfrog skeleton.

Levels and vault maps discovered:
D:1:      lightli_arrival_boilingwater, layout_basic
D:2:      layout_basic, kennysheep_slug_shrine
D:3:      layout_loops_ring, grunt_temple_overflow_open, chequers_arboretum,
          ebering_dispersal_statue_hall
D:4:      layout_rooms, biasface_ghost_orc_armoury,
          kennysheep_decorative_pillar, minmay_misc_feat_roman,
          nemelex_xobeh_ov_fountains_minmay, uniq_menkaure, uniq_duvessa
